 Dungeon Crawl Stone Soup version 0.28.0 (webtiles) character file.

Game seed: 4874546131830828458

2835 raph the Geomancer (level 9, -10/49 HPs)
             Began as a Deep Elf Earth Elementalist on Feb 9, 2022.
             Was an Initiate of Sif Muna.
             Mangled by a cyan ugly thing (15 damage)
             ... on level 6 of the Dungeon.
             The game lasted 00:15:27 (11577 turns).

raph the Geomancer (Deep Elf Earth Elementalist)   Turns: 11577, Time: 00:15:27

Health: -10/49     AC:  9    Str:  8    XL:     9   Next: 45%
Magic:  1/15       EV: 13    Int: 25    God:    Sif Muna [......]
Gold:   219        SH:  0    Dex: 15    Spells: 2/14 levels left

rFire   + + +      SeeInvis .   a - +10 mace "Moptaaxea" {freeze, rF++}
rCold   . . .      Faith    .   f - orb {light}
rNeg    . . .      Spirit   .   x - +2 leather armour {rPois}
rPois   +          Reflect  .   h - +0 helmet
rElec   .          Harm     .   (no cloak)
rCorr   .          Rampage  .   e - +1 pair of gloves
Will    +....                   l - +0 pair of boots
Stlth   ++........              (no amulet)
HPRegen 0.16/turn               d - ring of willpower
MPRegen 0.14/turn               u - ring of Zuzuk {rPois rF+ Str+3 Stlth+}

@: glowing
A: no striking features
a: Renounce Religion


You were on level 6 of the Dungeon.
You worshipped Sif Muna.
Sif Muna was noncommittal.
You visited 2 branches of the dungeon, and saw 8 of its levels.
You also visited: Sewer.

You collected 219 gold pieces.

Inventory:

Hand Weapons
 a - the +10 mace "Moptaaxea" (weapon) {freeze, rF++}
   (You found it on level 5 of the Dungeon)

   It freezes those it strikes, dealing additional cold damage.
   It can also slow down cold-blooded creatures.
   rF:        It greatly protects you from fire.
 v - a +1 short sword
Missiles
 c - 54 stones
 r - a throwing net
Armour
 e - a +1 pair of gloves (worn)
 f - an orb of light (worn)
 h - a +0 helmet (worn)
 j - an orb of energy
 l - a +0 pair of boots (worn)
 w - a +0 robe
 x - a +2 leather armour of poison resistance (worn)
Magical Staves
 b - a staff of fire
Jewellery
 d - a ring of willpower (left hand)
 u - the ring of Zuzuk (right hand) {rPois rF+ Str+3 Stlth+}
   (You acquired it on level 5 of the Dungeon)

   [ring of protection from fire]

   Str:       It affects your strength (+3).
   rF:        It protects you from fire.
   rPois:     It protects you from poison.
   Stlth:     It makes you more stealthy.
 z - an amulet of faith
Wands
 t - a wand of acid (10)
 y - a wand of polymorph (11)
Scrolls
 p - 2 scrolls of magic mapping
 s - 2 scrolls of immolation
Potions
 g - 4 potions of curing
 i - 3 potions of haste {unknown}
 k - a potion of lignification {unknown}
 m - 2 potions of heal wounds {unknown}
 n - a potion of attraction {unknown}
 o - 2 potions of might {unknown}
 q - a potion of magic {unknown}
 B - a potion of degeneration {unknown}


   Skills:
 + Level 2.5 Fighting
 + Level 4.6 Dodging
 + Level 5.1 Stealth
 - Level 3.0 Spellcasting
 + Level 7.7 Conjurations
 - Level 1.1 Transmutations
 * Level 5.1 Fire Magic
 + Level 9.2 Earth Magic


You had 2 spell levels left.
You knew the following spells:

 Your Spells              Type           Power      Damage    Failure   Level
a - Sandblast             Erth           100%       2d20      1%          1
b - Passwall              Tmut/Erth      24%        N/A       2%          2
c - Stone Arrow           Conj/Erth      92%        3d12      1%          3
d - Foxfire               Conj/Fire      100%       2x1d9     1%          1
e - Summon Small Mammal   Summ           12%        N/A       14%         1
f - Flame Wave            Conj/Fire      35%        2d8       11%         4

Your spell library contained the following spells:

 Spells                   Type           Power      Damage    Failure   Level
 Beastly Appendage        Tmut           18%        N/A       10%         1
 Animate Skeleton         Necr           6%         N/A       14%         1
 Apportation              Tloc           6%         N/A       14%         1
 Freeze                   Ice            12%        1d4       14%         1
 Wereblood                Tmut           9%         N/A       14%         2
 Corpse Rot               Necr/Air       6%         N/A       22%         2
 Conjure Flame            Conj/Fire      35%        6-21      3%          3
 Inner Flame              Hex/Fire       16%        N/A       16%         3
 Petrify                  Tmut/Erth      29%        N/A       17%         4
 Hailstorm                Conj/Ice       23%        3d7       30%         4
 Spider Form              Tmut/Pois      6%         N/A       34%         3
 Frozen Ramparts          Ice            6%         1d2       41%         3
 Dispel Undead            Necr           3%         3d7       82%         4
 Death Channel            Necr           1%         N/A       100%        6


Dungeon Overview and Level Annotations

Branches:
Dungeon (7/15)             Temple (1/1) D:7           Sewer (visited)

Altars:
Ashenzari
Dithmenos
Elyvilon
Fedhas
Gozag
Hepliaklqana
Kikubaaqudgha
Makhleb
Nemelex Xobeh
Okawaru
Qazlal
Ru
Sif Muna
Trog
Xom
Zin
The Shining One


Message History

The cyan ugly thing stings you. The cyan ugly thing shocks you!
Casting: Flame Wave (quite dangerous; 11% risk of failure)
Confirm with . or Enter, or press ? or * to list all spells.
You don't have enough magic to cast this spell.
The gnoll hits you but does no damage.
The cyan ugly thing completely misses you.
You climb upwards.
There is a stone staircase leading down here.
Aiming: Sandblast (safe; 1% risk of failure)
Press: ? - help, Q - select action, (/) - cycle Shift-Dir - straight line, f - cyan ugly thing
Aim: a cyan ugly thing (severely wounded, haloed, 87% to hit)
The blast of sand hits the cyan ugly thing.
The cyan ugly thing is severely wounded.
The cyan ugly thing completely misses you.
You don't have enough magic to cast this spell.
Unknown command.
Aiming: Sandblast (safe; 1% risk of failure)
Press: ? - help, Q - select action, (/) - cycle Shift-Dir - straight line, f/p - cyan ugly thing
Aim: a cyan ugly thing (severely wounded, haloed, 87% to hit)
The blast of sand hits the cyan ugly thing!
The cyan ugly thing is severely wounded.
The cyan ugly thing stings you! The cyan ugly thing shocks you!
* * * LOW HITPOINT WARNING * * *
The cyan ugly thing misses you.
There is an escape hatch in the floor here.
Aiming: Sandblast (safe; 1% risk of failure)
Press: ? - help, Q - select action, (/) - cycle Shift-Dir - straight line, f/p - cyan ugly thing
Aim: a cyan ugly thing (severely wounded, haloed, 87% to hit)
The blast of sand hits the cyan ugly thing.
The cyan ugly thing is severely wounded.
The cyan ugly thing barely misses you.
You see here a +0 ring mail.
You don't have enough magic to cast this spell.
Unknown command.
Things that are here:
a +0 chain mail; a +0 long sword The cyan ugly thing stings you!
* * * LOW HITPOINT WARNING * * *
The cyan ugly thing shocks you!
You die...

........# ##.........#
###...#.####.....####.#
##.##..........# #.#
####.#######>....# #.#
...............[.# #.#
################.# #.#
#.####.# #u#....#
#@#.#### ##.#†# ##
#..#.# .# #.##.# .#
#.##.# .# ###.##.# .#
#...##.# .# #.####.# .#
#.# #.#


You could see a cyan ugly thing.

Vanquished Creatures
  Grinder (D:3)
  Sigmund (D:3)
  A wraith (D:5)
  A black bear (D:6)
  2 ice beasts
  An orc warrior (D:6)
  2 centaurs
  4 kobold brigands
  2 bullfrogs
  2 gnoll sergeants
  A scorpion (D:6)
  A water moccasin skeleton (D:5)
  6 killer bees (D:7)
  A howler monkey (D:6)
  A centaur zombie (D:7)
  5 hounds
  A jelly (D:5)
  A bullfrog skeleton (D:4)
  An orc priest (D:7)
  A gnoll shaman (D:7)
  2 centaur skeletons (D:5)
  An iguana (D:6)
  Natasha (thrice) (D:3)
  An orc wizard (D:5)
  12 gnolls
  14 adders
  3 river rats (Sewer)
  An ufetubus (D:4)
  A worm (D:4)
  2 dart slugs
  16 orcs
  6 bats
  8 endoplasms
  8 giant cockroaches
  7 hobgoblins
  3 jackals
  8 kobolds
  4 quokkas
  16 ball pythons
  7 frilled lizards
  6 goblins
  7 rats
172 creatures vanquished.

Vanquished Creatures (collateral kills)
  14 foxfires
14 creatures vanquished.

Vanquished Creatures (others)
  302 foxfires
  12 plants
314 creatures vanquished.

Grand Total: 500 creatures vanquished

Notes
Turn   | Place    | Note
-------+----------+-------------------------------------------
     0 | D:1      | raph the Deep Elf Earth Elementalist began the quest for
                  | the Orb.
     0 | D:1      | Reached XP level 1. HP: 10/10 MP: 6/6
   229 | D:1      | Reached skill level 4 in Earth Magic
   229 | D:1      | Reached XP level 2. HP: 15/15 MP: 8/8
   387 | D:1      | Found a faded altar of an unknown god.
   851 | D:1      | Learned a level 2 spell: Passwall
  1210 | D:2      | Reached XP level 3. HP: 9/19 MP: 3/9
  1534 | D:2      | Learned a level 3 spell: Stone Arrow
  1589 | D:2      | Learned a level 1 spell: Foxfire
  2556 | D:3      | Noticed Natasha
  2562 | D:3      | Killed Natasha
  2563 | D:3      | Reached skill level 1 in Conjurations
  2563 | D:3      | Reached skill level 5 in Earth Magic
  2563 | D:3      | Reached XP level 4. HP: 24/24 MP: 5/10
  2683 | D:3      | Noticed Natasha
  2809 | D:3      | Noticed Sigmund
  2824 | D:3      | HP: 1/24 [Sigmund/puff of flame (4)]
  2828 | D:3      | Killed Sigmund
  2829 | D:3      | Reached skill level 6 in Earth Magic
  2829 | D:3      | Reached XP level 5. HP: 1/28 MP: 2/11
  3295 | D:3      | Killed Natasha
  3418 | D:3      | Reached XP level 6. HP: 32/32 MP: 8/12
  3582 | D:3      | Noticed Natasha
  3592 | D:3      | Killed Natasha
  3638 | D:3      | Noticed Grinder
  3644 | D:3      | Killed Grinder
  3645 | D:3      | Reached skill level 7 in Earth Magic
  3839 | D:4      | Learned a level 1 spell: Summon Small Mammal
  3844 | D:4      | Reached skill level 5 in Conjurations
  3844 | D:4      | Reached XP level 7. HP: 36/36 MP: 9/13
  3926 | D:4      | Found a glowing drain.
  4048 | Sewer    | Entered a sewer
  5651 | Sewer    | Reached skill level 8 in Earth Magic
  6297 | D:4      | Found a blossoming altar of Fedhas.
  6511 | D:4      | Reached XP level 8. HP: 41/41 MP: 7/14
  6576 | D:4      | Learned a level 4 spell: Flame Wave
  6949 | D:4      | Reached skill level 1 in Fire Magic
  7168 | D:5      | Entered Level 5 of the Dungeon
  7218 | D:5      | Found a bloodstained altar of Trog.
  7218 | D:5      | Found a faded altar of an unknown god.
  7269 | D:5      | Found an iron altar of Okawaru.
  7271 | D:5      | Found a burning altar of Makhleb.
  7273 | D:5      | Found a faded altar of an unknown god.
  7637 | D:5      | HP: 2/42 [gnoll sergeant (2)]
  7947 | D:5      | Identified a scroll of acquirement
  7947 | D:5      | Acquired the ring of Zuzuk {rPois rF+ Str+3 Stlth+}
  7959 | D:5      | Identified the +10 mace "Moptaaxea" {freeze, rF++}
  8196 | D:5      | Reached skill level 1 in Fighting
  9439 | D:6      | Reached XP level 9. HP: 48/48 MP: 11/15
  9615 | D:6      | Identified the +3 ring mail "Denimn" {+Blink Str+2 Int-3}
 10191 | D:7      | Reached skill level 9 in Earth Magic
 10642 | D:7      | Found a staircase to the Ecumenical Temple.
 11063 | D:7      | Reached skill level 5 in Stealth
 11063 | D:7      | Reached skill level 5 in Fire Magic
 11123 | Temple   | Entered the Ecumenical Temple
 11236 | Temple   | Became a worshipper of Sif Muna the Loreminder
 11528 | D:7      | Noticed a cyan ugly thing
 11577 | D:6      | Mangled by a cyan ugly thing

Illustrated notes

Levels and vault maps discovered:
D:1:      psy_arrival_conway, layout_basic, ebering_ecumenical_altar_hall
D:2:      layout_basic
D:3:      layout_basic, uniq_grinder, uniq_sigmund, uniq_natasha
D:4:      layout_loops_ring, nicolae_overflow_crystal_walls,
          gup_sewer_entry_glass, grunt_ministairs_12
D:5:      layout_basic, chequers_temple_overflow_minitemple
D:6:      corexii_shack_village, layout_loops_ring, kennysheep_donut,
          kennysheep_generic_room_8
D:7:      layout_layer_cave, temple_pool_b
Temple:   dshaligram_water_room_temple

Skill      XL: |  1  2  3  4  5  6  7  8  9 |
---------------+----------------------------+-----
Earth Magic    | 4 5 6 7 8 9 |  9.2
Conjurations   | 1 3 5 6 7 |  7.7
Fire Magic     | 3 5 |  5.1
Stealth        | 4 5 |  5.1
Dodging        | 3 4 |  4.6
Fighting       | 1 2 |  2.5
Spellcasting   | |  3.0
Transmutations | |  1.1

Action                   |  1- 3 |  4- 6 |  7- 9 || total
-------------------------+-------+-------+-------++-------
Melee: Short sword       |    55 |     9 |    11 ||    75
       Punch             |     1 |       |       ||     1
       Mace              |       |       |    14 ||    14
 Cast: Sandblast         |    31 |     3 |    21 ||    55
       Foxfire           |     9 |    29 |   149 ||   187
       Stone Arrow       |       |     9 |    58 ||    67
       Flame Wave        |       |       |     8 ||     8
  Use: Scroll            |     7 |       |     5 ||    12
 Stab: Sleeping          |     2 |       |     1 ||     3
Armor: Robe              |    12 |     7 |    11 ||    30
       Leather armour    |       |       |    22 ||    22
Dodge: Dodged            |    48 |    12 |   109 ||   169
